 Dungeon Crawl Stone Soup version 0.23-a0-890-gc183402 (console) character file.

Game seed: 1358847959839109938

37 Duffy the Chopper (level 3, -2/29 HPs)
             Began as a Demonspawn Fighter on Jan 28, 2019.
             Slain by Natasha (5 damage)
             ... on level 3 of the Dungeon.
             The game lasted 00:01:27 (937 turns).

Duffy the Chopper (Demonspawn Fighter)               Turns: 937, Time: 00:01:27

Health: -2/29      AC:  6    Str: 16    XL:     3   Next: 23%
Magic:  3/3        EV:  6    Int: 10    God:
Gold:   44         SH:  8    Dex: 12    Spells: 2/2 levels left

rFire    . . .     SeeInvis .   a - +0 war axe
rCold    . . .     Gourm    .   c - +0 shield
rNeg     . . .     Faith    .   b - +0 scale mail
rPois    .         Spirit   .   (no helmet)
rElec    .         Reflect  .   (no cloak)
rCorr    .         Harm     .   (no gloves)
MR       .....                  (no boots)
Stlth    ..........             (no amulet)
HPRegen  0.09/turn              (no ring)
MPRegen  0.08/turn              (no ring)

@: slowed, very slow
A: hooves 1
a: no special abilities


You were on level 3 of the Dungeon.
You were not hungry.

You visited 1 branch of the dungeon, and saw 3 of its levels.

You collected 44 gold pieces.

Inventory:

Hand Weapons
 a - a +0 war axe (weapon)
Armour
 b - a +0 scale mail (worn)
 c - a +0 shield (worn)
Scrolls
 g - a scroll of identify {unknown}
 i - a scroll of remove curse {unknown}
 j - 2 scrolls of enchant armour {unknown}
Potions
 d - a potion of might
 e - a potion of flight {unknown}
 h - a potion of ambrosia {unknown}
 k - a potion of curing {unknown}
Comestibles
 f - 2 rations


   Skills:
 - Level 3.0 Fighting
 + Level 3.4 Axes
 - Level 2.6 Armour
 - Level 2.6 Shields


You had 2 spell levels left.
You didn't know any spells.
Your spell library was empty.

Dungeon Overview and Level Annotations

Branches:
Dungeon (3/15)

Altars:
The Shining One

Annotations:
D:3 Natasha


Innate Abilities, Weirdness & Mutations

You have large cloven feet.


Message History

Natasha claws you. The crimson imp closely misses you.
You are too injured to fight recklessly!
You are too injured to fight recklessly!
You are too injured to fight recklessly!
You are too injured to fight recklessly!
You are too injured to fight recklessly!
You are too injured to fight recklessly!
You are too injured to fight recklessly!
You are too injured to fight recklessly!
You are too injured to fight recklessly!
You are too injured to fight recklessly!
You are too injured to fight recklessly!
You are too injured to fight recklessly!
You are too injured to fight recklessly!
You closely miss Natasha. You kick Natasha.
Natasha is severely wounded.
You miss the crimson imp. Natasha claws you but does no damage.
The crimson imp hits you but does no damage.
Natasha claws you.
You die...

.. .# #..
..## ... ...
## #.. ... .
#)# #.# #.#.#
#.# #.#.###.#
#####......5#
...###.###@#
##.###.# #h#
.####...##.#
#.#
......#....#
#.#
#...######.#
##.........#
#..########
#<.# ##.#


You could see Natasha and a crimson imp.

Vanquished Creatures
  An adder (D:2)
  2 leopard geckos (D:1)
  A ball python (D:2)
  A giant cockroach (D:1)
  2 goblins
  5 hobgoblins
  2 jackals (D:1)
  4 bats (D:1)
  4 frilled lizards
  2 kobolds
  2 rats (D:2)
26 creatures vanquished.

Notes
Turn   | Place    | Note
-------+----------+-------------------------------------------
     0 | D:1      | Duffy the Demonspawn Fighter began the quest for the Orb.
     0 | D:1      | Reached XP level 1. HP: 18/18 MP: 1/1
    83 | D:1      | Gained mutation: You have large cloven feet. [demonic
                  | ancestry]
    83 | D:1      | Reached XP level 2. HP: 18/24 MP: 2/2
   580 | D:2      | Found a glowing golden altar of the Shining One.
   644 | D:2      | Reached XP level 3. HP: 22/29 MP: 3/3
   928 | D:3      | Noticed Natasha
   937 | D:3      | Slain by Natasha

Vault maps used:
D:1:      elethiomel_arrival_infinity_welcomes_careful_drivers
D:2:      tso_metal_star, okawaru_metal_pillars_1_2
D:3:      vehumet_crystals, lemuel_coloured_pillars_altar,
          kennysheep_generic_room_16, uniq_natasha, uniq_robin, uniq_sigmund

Skill      XL: |  1  2 |
---------------+-------+-----
Axes           | 2 3 |  3.4
Fighting       | |  3.0
Armour         | |  2.6
Shields        | |  2.6

Action                   || total
-------------------------++-------
Melee: War axe           ||    88
       Kick              ||    12
Armor: Scale mail        ||    57
Dodge: Dodged            ||    23
Block: Shield            ||    47

Table legend:
 A = Non-vault XP
 B = Vault XP
 C = Vault XP percentage of total XP
 D = Non-vault monster count
 E = Vault monster count
 F = Vault count percentage of total count
                 A         B        C        D         E       F
            +---------+---------+-------+---------+---------+-------
      Total |      54 |       0 |   0.0 |      26 |       0 |   0.0
            +---------+---------+-------+---------+---------+-------
        D:1 |      31 |       0 |   0.0 |      18 |       0 |   0.0
        D:2 |      22 |       0 |   0.0 |       7 |       0 |   0.0
        D:3 |       1 |       0 |   0.0 |       1 |       0 |   0.0
            +---------+---------+-------+---------+---------+-------
